 Dungeon Crawl Stone Soup version 0.21-a0-437-ge5bf024 (webtiles) character file.

908 UncommonGray the Insei (level 7, -14/55 HPs)
             Began as a Grey Draconian Transmuter on Nov 2, 2017.
             Was an Initiate of Makhleb.
             Demolished by an orc warrior
             ... wielding a +0 battleaxe
              (23 damage)
             ... on level 5 of the Dungeon on Nov 9, 2017.
             The game lasted 00:24:52 (5880 turns).

UncommonGray the Insei (Grey Draconian Transmuter)  Turns: 5880, Time: 00:24:52

Health: -14/55     AC: 13    Str: 13    XL:     7   Next: 81%
Magic:  1/14       EV: 13    Int: 13    God:    Makhleb [......]
Gold:   299        SH:  0    Dex: 13    Spells: 8/16 levels left

rFire    . . .     SeeInvis .     - Unarmed
rCold    . . .     Gourm    .   (no shield)
rNeg     . . .     Faith    .   (armour unavailable)
rPois    .         Spirit   .   (helmet restricted)
rElec    .         Reflect  .   e - +0 cloak
rCorr    .         Harm     .   i - +0 pair of gloves
MR       .....                  (no boots)
Stlth    ++........             (no amulet)
HPRegen  0.18/turn              g - ring of flight
MPRegen  0.14/turn              k - +1 ring of slaying

@: appendage (expiring), very slightly contaminated
A: walk through water, unfitting armour, horns 2, unbreathing, cold-blooded, AC
+11
a: End Transformation, Renounce Religion, Evoke Flight


You were on level 5 of the Dungeon.
You worshipped Makhleb.
Makhleb was noncommittal.
You were near starving.
You had grown temporary horns.
You visited 1 branch of the dungeon, and saw 6 of its levels.

You collected 299 gold pieces.

Inventory:

Missiles
 a - 8 arrows
Armour
 e - a +0 cloak (worn)
 i - a +0 pair of gloves (worn)
Jewellery
 g - a ring of flight (left hand)
 k - a +1 ring of slaying (right hand)
Scrolls
 d - 2 scrolls of enchant weapon
 h - 2 scrolls of amnesia
 n - 5 scrolls of remove curse
 o - a scroll of identify
 p - a scroll of recharging
 r - 4 scrolls of teleportation
Potions
 f - a potion of curing
 l - 2 potions of cancellation
 m - a potion of lignification
 s - a potion of agility
 t - 2 potions of degeneration {unknown}
Books
 b - a book of Changes

   Spells                             Type                      Level
   a - Beastly Appendage              Transmutation                1
   b - Sticks to Snakes               Transmutation                2
   c - Spider Form                    Transmutation/Poison         3
   d - Ice Form                       Ice/Transmutation            4
   e - Blade Hands                    Transmutation                5
Comestibles
 c - 4 bread rations {@e1}
 j - 3 meat rations {@e2}


   Skills:
 + Level 2.2 Fighting
 + Level 3.3 Dodging
 + Level 1.1 Stealth
 + Level 5.2 Unarmed Combat
 + Level 5.2 Spellcasting
 + Level 4.4 Transmutations


You had 8 spell levels left.
You knew the following spells:

 Your Spells              Type           Power        Failure   Level  Hunger
a - Beastly Appendage     Tmut           ##....       3%          1    None
b - Sticks to Snakes      Tmut           ##......     4%          2    ##.....
c - Blade Hands           Tmut           ##........   63%         5    ######.


Dungeon Overview and Level Annotations

Branches:
Dungeon (6/15)
 Temple: D:4-7

Altars:
Makhleb
Okawaru
Wu Jian
Xom

Annotations:
D:3 Natasha


Innate Abilities, Weirdness & Mutations

You can walk through water.
Your dull iron-grey scales are very hard. (AC +11)
You cannot fit into any form of body armour.
You can survive without breathing.
You are cold-blooded and may be slowed by cold attacks.
You have a pair of horns on your head.


Message History

You tail-slap the orc warrior, but do no damage.
The orc warrior hits you with a battleaxe.
You take 3 damage, and have 25/55 hp.
You hit the orc warrior but do no damage.
Your headbutt misses the orc warrior.
The orc warrior hits you with a battleaxe!
* * * LOW HITPOINT WARNING * * *
You take 9 damage, and have 16/55 hp.
You hit the orc warrior but do no damage.
Your transformation is almost over.
You hit the orc warrior but do no damage.
The orc warrior hits you with a battleaxe!
* * * LOW HITPOINT WARNING * * *
You take 7 damage, and have 9/55 hp.
You closely miss the orc warrior. You headbutt the orc warrior.
The orc warrior completely misses you.
You closely miss the orc warrior.
You tail-slap the orc warrior, but do no damage.
The orc warrior hits you with a battleaxe!!
You die...

..# ##############
..# #............#
..#####.#########.##
(<..........<...#.#
..#####...###.#.#.#
..# #.......#.#.#
### #..######.#.#
#######........o#.##
......#..#.#....@..#
#####.#..#.#.#..._##
....#.#..#.#.#.##.#
.........#.#.#.##.##
#######..#.#.......#
.........#.#...#####
########.#.#...#
###.....#...#
#...........#####


You could see an orc warrior.

Vanquished Creatures
  An ice beast (D:3)
  Blork the orc (D:5)
  2 howler monkeys
  A hound (D:4)
  3 orc wizards
  Crazy Yiuf (D:5)
  2 bullfrog skeletons (D:5)
  Natasha (D:3)
  2 worker ants (D:5)
  A hound skeleton (D:5)
  6 adders
  2 gnolls (D:4)
  2 oozes
  2 worms (D:2)
  2 dart slugs
  A leopard gecko (D:5)
  15 orcs
  3 ball pythons (D:1)
  6 giant cockroaches
  6 goblins
  6 hobgoblins
  9 jackals
  A quokka (D:4)
  4 bats
  3 frilled lizards
  A jackal skeleton (D:4)
  8 kobolds
  A leopard gecko skeleton (D:4)
  4 rats
  A fungus (D:5)
98 creatures vanquished.

Vanquished Creatures (collateral kills)
  2 ogres
  A scorpion (D:4)
  A crimson imp (D:4)
  A worker ant (D:4)
  Natasha (D:3)
  An iguana (D:4)
  A howler monkey zombie (D:5)
  2 gnolls (D:4)
  2 adders (D:4)
  2 worms (D:2)
  2 orcs (D:3)
  A frilled lizard (D:4)
17 creatures vanquished.

Vanquished Creatures (others)
  A plant (D:4)
1 creature vanquished.

Grand Total: 116 creatures vanquished

Notes
Turn   | Place    | Note
-------+----------+-------------------------------------------
     0 | D:1      | UncommonGray the Draconian Transmuter began the quest for the Orb.
     0 | D:1      | Reached XP level 1. HP: 16/16 MP: 3/3
   438 | D:1      | Reached XP level 2. HP: 21/23 MP: 3/5
   498 | D:1      | Learned a level 2 spell: Sticks to Snakes
   962 | D:2      | Reached XP level 3. HP: 22/28 MP: 6/6
  1732 | D:2      | Reached XP level 4. HP: 28/35 MP: 4/8
  1785 | D:2      | Found a shimmering altar of Xom.
  2368 | D:3      | Noticed Natasha
  2381 | D:3      | Killed Natasha
  2657 | D:3      | Noticed Natasha
  2665 | D:3      | Killed Natasha
  2665 | D:3      | Reached XP level 5. HP: 33/41 MP: 5/9
  2675 | D:3      | Learned a level 5 spell: Blade Hands
  3025 | D:3      | Noticed an ice beast
  3046 | D:3      | Killed an ice beast
  3368 | D:3      | Noticed Natasha
  3378 | D:4      | Noticed an ogre
  3380 | D:4      | Upgraded the game from 0.21-a0-405-gf2af9a1 to 0.21-a0-426-g98080a9
  3386 | D:4      | Killed an ogre
  3386 | D:4      | Reached XP level 6. HP: 18/48 MP: 4/11
  3857 | D:4      | Your scales start taking on a dull iron-grey colour.
  3857 | D:4      | Reached XP level 7. HP: 34/55 MP: 12/14
  3857 | D:4      | Gained mutation: You can survive without breathing. [Grey Draconian growth]
  3858 | D:4      | Upgraded the game from 0.21-a0-426-g98080a9 to 0.21-a0-437-ge5bf024
  4365 | D:5      | Entered Level 5 of the Dungeon
  4540 | D:5      | Found a burning altar of Makhleb.
  4547 | D:5      | Became a worshipper of Makhleb the Destroyer
  4616 | D:5      | Reached skill level 1 in Stealth
  4628 | D:5      | Reached skill level 5 in Spellcasting
  4630 | D:5      | Noticed Blork the orc
  4661 | D:5      | Killed Blork the orc
  4669 | D:5      | Reached skill level 5 in Unarmed Combat
  4958 | D:5      | Found a runed door.
  4963 | D:5      | Noticed Crazy Yiuf
  4971 | D:5      | Killed Crazy Yiuf
  5582 | D:6      | Found an iron altar of Okawaru.
  5587 | D:6      | Found an ornate altar of the Wu Jian Council.
  5880 | D:5      | Demolished by an orc warrior

Vault maps used:
D:1:      matt_arrival_los_fun, hangedman_feature_mirror, hangedman_glass_teeth
D:2:      nicolae_overflow_crystal_walls
D:3:      uniq_natasha
D:4:      chequers_big_river
D:5:      overflow_temple_1_default, first_bread, uniq_crazy_yiuf_cottage,
          uniq_blork_the_orc
D:6:      minitemple, chequers_temple_overflow_statue_of_worship, temple_hall

Skill      XL: |  1  2  3  4  5  6  7 |
---------------+----------------------+-----
Dodging        | 2 3 |  3.3
Unarmed Combat | 4 5 |  5.2
Spellcasting   | 3 4 5 |  5.2
Fighting       | 2 |  2.2
Transmutations | 3 4 |  4.4
Stealth        | 1 |  1.1

Action                   |  1- 3 |  4- 6 |  7- 9 || total
-------------------------+-------+-------+-------++-------
Melee: Unarmed           |   139 |   179 |   119 ||   437
       Tailslap          |    15 |    24 |    20 ||    59
       Headbutt          |    13 |     8 |    10 ||    31
       Kick              |     4 |     7 |    16 ||    27
       Punch             |     2 |     2 |     3 ||     7
 Cast: Beastly Appendage |    28 |    23 |    18 ||    69
       Sticks to Snakes  |     8 |    27 |    25 ||    60
  Use: Potion            |       |     3 |     4 ||     7
       Scroll            |       |     9 |     1 ||    10
 Stab: Sleeping          |     1 |       |       ||     1
       Invisible         |       |       |     1 ||     1
  Eat: Chunk             |     4 |     6 |     4 ||    14
       Royal jelly       |       |     1 |     1 ||     2
Armor: Skin              |    50 |    58 |    37 ||   145
Dodge: Dodged            |    84 |   109 |    71 ||   264

Table legend:
 A = Spawn XP
 B = Non-spawn XP
 C = Spawn XP percentage of total XP
 D = Spawn monster count
 E = Non-spawn monster count
 F = Spawn count percentage of total count
 G = Total turns spent on level
                    A         B        C        D         E        F      G
               +---------+---------+-------+---------+---------+-------+---------
         Total |       0 |    1298 |   0.0 |       0 |     114 |   0.0 |  5880
               +---------+---------+-------+---------+---------+-------+---------
           D:1 |       0 |      36 |   0.0 |       0 |      22 |   0.0 |   930
           D:2 |       0 |      69 |   0.0 |       0 |      26 |   0.0 |  1086
           D:3 |       0 |     210 |   0.0 |       0 |      23 |   0.0 |  1258
           D:4 |       0 |     488 |   0.0 |       0 |      28 |   0.0 |  1326
           D:5 |       0 |     495 |   0.0 |       0 |      15 |   0.0 |  1250
               +---------+---------+-------+---------+---------+-------+---------
